 Dungeon Crawl Stone Soup version 0.21-a0-504-g2eda330 (webtiles) character file.

203 4thArraOfDagon the Firebug (level 5, -6/28 HPs)
             Began as a Deep Elf Fire Elementalist on Nov 26, 2017.
             Was an Initiate of Cheibriados.
             Killed from afar by an electric eel (7 damage)
             ... with a bolt of electricity
             ... on level 8 of the Dungeon.
             The game lasted 00:04:47 (840 turns).

4thArraOfDagon the Firebug (DEFE)                    Turns: 840, Time: 00:04:48

Health: -6/28      AC:  2    Str:  6    XL:     5   Next: 51%
Magic:  13/13      EV: 13    Int: 22    God:    Cheibriados [......]
Gold:   75         SH:  0    Dex: 16    Spells: 4/12 levels left

rFire    . . .     SeeInvis +   i - +0 great sword
rCold    . . .     Gourm    .   (shield currently unavailable)
rNeg     . . .     Faith    .   a - +0 robe
rPois    .         Spirit   .   (no helmet)
rElec    .         Reflect  .   (no cloak)
rCorr    .         Harm     .   (no gloves)
MR       .....                  (no boots)
Stlth    ++........             (no amulet)
HPRegen  0.09/turn              j - ring of see invisible
MPRegen  0.13/turn              (no ring)

@: very slow
A: no striking features
a: Bend Time, Renounce Religion


You were on level 8 of the Dungeon.
You worshipped Cheibriados.
Cheibriados was noncommittal.
You were not hungry.

You visited 2 branches of the dungeon, and saw 9 of its levels.

You collected 75 gold pieces.

Inventory:

Hand Weapons
 g - a +0 mace of draining
 i - a +0 great sword (weapon)
Armour
 a - a +0 robe (worn)
Jewellery
 j - a ring of see invisible (left hand)
Scrolls
 d - a scroll of remove curse {unknown}
 e - a scroll of identify
 k - a scroll of fear {unknown}
Books
 b - a book of Flames

   Spells                             Type                      Level
   a - Flame Tongue                   Conjuration/Fire             1
   b - Throw Flame                    Conjuration/Fire             2
   c - Conjure Flame                  Conjuration/Fire             3
   d - Inner Flame                    Hexes/Fire                   3
   e - Sticky Flame                   Conjuration/Fire             4
   f - Fireball                       Conjuration/Fire             5
Comestibles
 c - 3 bread rations
 f - 2 royal jellies
 h - a meat ration


   Skills:
 - Level 2.4 Dodging
 - Level 2.4 Stealth
 + Level 4.3 Spellcasting
 * Level 3.8 Conjurations
 * Level 5.0 Fire Magic


You had 4 spell levels left.
You knew the following spells:

 Your Spells              Type           Power        Failure   Level  Hunger
a - Flame Tongue          Conj/Fire      ###..        1%          1    None
b - Conjure Flame         Conj/Fire      ###.....     5%          3    ##.....
c - Sticky Flame          Conj/Fire      ###.....     17%         4    ####...


Dungeon Overview and Level Annotations

Branches:
Dungeon (9/15)             Temple (1/1) D:7
   Lair: D:8-11         Orc: D:9-12

Altars:
Ashenzari
Cheibriados
Dithmenos
Elyvilon
Fedhas
Hepliaklqana
Kikubaaqudgha
Makhleb
Nemelex Xobeh
Okawaru
Qazlal
Ru
Trog
Uskayaw
Wu Jian
Xom
Yredelemnul
Zin
The Shining One


Message History

Unknown command.
There is a stone staircase leading down here.
Magic restored.
You climb downwards.
A giant cockroach, 4 orcs and an electric eel come into view.
The orc warrior shouts!
The orc priest shouts!
The orc shouts!
You hear a shout!
The orc wizard shouts!
An orc comes into view. It is wielding a falchion.
The orc shouts!
You hear a shout!
Found 33 gold pieces.
There is a stone staircase leading up here.
Unknown command.
Unknown command.
You hear a shout!
The electric eel shoots out a bolt of lightning at you!
The bolt of electricity hits you!
Ouch! That really hurt!
* * * LOW HITPOINT WARNING * * *
The bolt of electricity hits you!
You die...

.≈≈≈≈ZPo≈≈≈P.
.≈≈P≈P≈≈≈≈≈P#
.≈≈oPP≈≈≈≈≈≈#
.≈≈≈≈≈≈≈≈≈≈≈#
.≈≈s..o;P≈PP#.#
..............#
...........o.$.
#@# #..#..o$.o.
#.# ..###.. #.
.## # .# .o .#
## #


You could see an orc warrior, an electric eel, an orc priest, 2 orc wizards, 3
orcs, a wyvern zombie (wandering) and a giant cockroach.

Vanquished Creatures
  A bullfrog (D:8)
  A jelly (D:8)
  An orc wizard (D:4)
  2 worker ants
  2 adders
  An orc (D:4)
  2 bats
  A giant cockroach (D:1)
  A goblin (D:1)
  2 kobolds
  3 quokkas
17 creatures vanquished.

Notes
Turn   | Place    | Note
-------+----------+-------------------------------------------
     0 | D:1      | 4thArraOfDagon the Deep Elf Fire Elementalist began the quest for the Orb.
     0 | D:1      | Reached XP level 1. HP: 10/10 MP: 6/6
    49 | D:1      | You fall through a shaft!
   137 | D:3      | Found a stormy altar of Qazlal.
   139 | D:3      | Found a blossoming altar of Fedhas.
   169 | D:4      | Reached XP level 2. HP: 15/15 MP: 2/8
   282 | D:4      | Reached XP level 3. HP: 8/19 MP: 3/9
   287 | D:4      | Learned a level 3 spell: Conjure Flame
   331 | D:4      | Reached skill level 4 in Fire Magic
   363 | D:4      | Found a bloodstained altar of Trog.
   370 | D:5      | Entered Level 5 of the Dungeon
   395 | D:4      | Reached XP level 4. HP: 3/24 MP: 4/11
   416 | D:4      | Learned a level 4 spell: Sticky Flame
   421 | D:4      | You fall through a shaft for 3 floors!
   430 | D:7      | Found a staircase to the Ecumenical Temple.
   438 | Temple   | Entered the Ecumenical Temple
   526 | Temple   | :(
   555 | Temple   | Became a worshipper of Cheibriados the Contemplative
   709 | D:8      | Noticed a bullfrog
   781 | D:8      | Killed a bullfrog
   781 | D:8      | Reached XP level 5. HP: 19/28 MP: 7/13
   808 | D:8      | Reached skill level 5 in Fire Magic
   839 | D:8      | Noticed an orc warrior
   840 | D:8      | HP: 1/28 [electric eel/bolt of electricity (15)]
   840 | D:8      | Killed from afar by an electric eel

Vault maps used:
D:1:      tarquinn_simple_flora_water_d, minmay_tripent
D:2:      minitemple, nicolae_overflow_crystal_walls
D:3:      grunt_temple_overflow_forces_of_nature, first_bread,
          nicolae_ru_great_annihilating_truth, uniq_robin, uniq_jessica,
          uniq_purgy
D:4:      bloody_trog
D:5:      minivault_24, uniq_grinder
D:7:      minmay_temple_entry_purple_smoke, minmay_strange_pillars
D:8:      serial_bayou, serial_bayou_pond_e, serial_bayou_shore_a,
          serial_bayou_pond_c, serial_bayou_pond_e
D:9:      orc_0_dummy, blue_anna_alchemist, uniq_erica
Temple:   eino_temple_rhombus

Skill      XL: |  1  2  3  4  5 |
---------------+----------------+-----
Conjurations   | 2 3 |  3.8
Fire Magic     | 4 5 |  5.0
Spellcasting   | 4 |  4.3
Dodging        | |  2.4
Stealth        | |  2.4

Action                   |  1- 3 |  4- 6 || total
-------------------------+-------+-------++-------
Melee: Unarmed           |    11 |       ||    11
       Mace              |     1 |       ||     1
       Great sword       |       |     2 ||     2
 Cast: Flame Tongue      |    31 |     8 ||    39
       Conjure Flame     |       |     2 ||     2
       Sticky Flame      |       |     1 ||     1
  Use: Potion            |     2 |       ||     2
       Scroll            |     2 |       ||     2
Armor: Robe              |     1 |       ||     1
Dodge: Dodged            |    18 |     7 ||    25
       Rpst.: Great sword |       |     3 ||     3

Table legend:
 A = Spawn XP
 B = Non-spawn XP
 C = Spawn XP percentage of total XP
 D = Spawn monster count
 E = Non-spawn monster count
 F = Spawn count percentage of total count
 G = Total turns spent on level
                    A         B        C        D         E        F      G
               +---------+---------+-------+---------+---------+-------+---------
         Total |       0 |     290 |   0.0 |       0 |      17 |   0.0 |   840
               +---------+---------+-------+---------+---------+-------+---------
           D:1 |       0 |       8 |   0.0 |       0 |       4 |   0.0 |    49
           D:2 |       0 |       3 |   0.0 |       0 |       2 |   0.0 |    58
           D:4 |       0 |      90 |   0.0 |       0 |       6 |   0.0 |   248
           D:7 |       0 |       2 |   0.0 |       0 |       1 |   0.0 |    67
           D:8 |       0 |     187 |   0.0 |       0 |       4 |   0.0 |   137
               +---------+---------+-------+---------+---------+-------+---------
